 Dungeon Crawl Stone Soup version 0.24.0-125-gc4c63601f3 (webtiles) character file.

Game seed: 9962414417693429719, levelgen mode: deterministic

138 Descartes the Ducker (level 5, 0/25 HPs)
             Began as a Felid Monk on Feb 29, 2020.
             Killed from afar by an orc wizard (6 damage)
             ... with a magic dart
             ... on level 3 of the Dungeon.
             The game lasted 00:05:41 (4511 turns).

Descartes the Ducker (Felid Monk)                   Turns: 4511, Time: 00:05:42

Health: 0/25       AC:  2    Str:  8    XL:     5   Next: 1%
Magic:  6/6        EV: 21    Int: 12    God:
Gold:   158        SH:  0    Dex: 18    Spells: 4/4 levels left
                                        Lives:  0   Deaths: 1

rFire    x . .     SeeInvis +     - Unarmed
rCold    + . .     Gourm    .   (shield unavailable)
rNeg     . . .     Faith    .   (armour unavailable)
rPois    +         Spirit   .   (helmet unavailable)
rElec    .         Reflect  .   (cloak unavailable)
rCorr    .         Harm     .   (gloves unavailable)
MR       .....     Rnd*Rage +   (boots unavailable)
Stlth    +++.......             (no amulet)
HPRegen  0.08/turn              e - ring of ice
MPRegen  0.10/turn              (no ring)

@: quick
A: very small, no armour, no weapons or thrown items, stealth, claws 1, fangs 3,
see invisible, berserk 1, carnivore, speed 1, poison resistance, shaggy fur 2,
slow metabolism 1, MP-powered wands, sharp paws
a: no special abilities


You were on level 3 of the Dungeon.
You were completely stuffed.

You visited 1 branch of the dungeon, and saw 4 of its levels.

You collected 158 gold pieces.

Inventory:

Missiles
 d - 131 stones
Jewellery
 e - a ring of ice (left paw)
Wands
 l - a wand of random effects (6)
Scrolls
 b - a scroll of remove curse {unknown}
 f - a scroll of amnesia {unknown}
 h - a scroll of random uselessness {unknown}
 m - a scroll of immolation {unknown}
 o - 2 scrolls of teleportation {unknown}
 p - 2 scrolls of enchant weapon {unknown}
Potions
 c - 2 potions of resistance
 g - a potion of haste {unknown}
 i - 2 potions of heal wounds
 j - a potion of ambrosia {unknown}
 k - 2 potions of curing {unknown}
 n - a potion of flight {unknown}
Comestibles
 a - 6 rations
 q - 4 chunks of flesh


   Skills:
 + Level 3.9 Fighting
 + Level 5.1 Dodging
 + Level 4.5 Stealth
 * Level 4.6 Unarmed Combat


You had 4 spell levels left.
You didn't know any spells.
Your spell library was empty.

Dungeon Overview and Level Annotations

Branches:
Dungeon (4/15)
 Temple: D:4-7

Altars:
Sif Muna
Zin

Annotations:
D:2 Grinder


Innate Abilities, Weirdness & Mutations

You cannot wear armour.
You are incapable of wielding weapons or throwing items.
Your paws allow you to move quietly. (Stealth)
You have sharp claws.
You have razor-sharp teeth.
You have supernaturally acute eyesight. (SInv)
You are carnivorous and can eat meat at any time.
You cover ground quickly.
You are covered in thick fur. (AC +2)
You have a slow metabolism.
Your sharp claws are effective at attacking unaware monsters.
You tend to lose your temper in combat.
Your system is resistant to poisons. (rPois)
You expend magic power (3 MP) to strengthen your wands.


Message History

The orc wizard casts a spell at you. The magic dart hits you.
You scratch the hound.
You kill the hound!
Welcome back to level 5!
The orc completely misses you.
The orc wizard points at you and mumbles some strange words.
The magic dart hits you.
You closely miss the orc wizard. Your bite misses the orc wizard.
The orc wizard is heavily wounded.
The orc hits you with a +0 falchion.
* * * LOW HITPOINT WARNING * * *
You claw the orc wizard!
The orc wizard is almost dead.
The orc wizard completely misses you.
You closely miss the orc wizard.
The orc wizard is almost dead.
The orc wizard casts a spell at you. The magic dart hits you.
You die...

#.......####
#..........#
#..........#
#..........#
#..........#
###..........##
#####....####.....##
#>.##...##.>#####...
#.o@#...#...# ######
##.o#...#..####.....
#####.....####.......
#..............#.÷...
#......8.......#.....
#..............#.....
#.###.....###.##.....
###.÷#...#'.##.......
#...#...#...#.######


You could see an orc wizard and an orc.

Vanquished Creatures
  An orc priest (D:3)
  A hound (D:3)
  Natasha (twice) (D:2)
  Ijyb (D:3)
  2 adders
  2 worms
  A dart slug (D:2)
  5 leopard geckos
  4 orcs
  3 giant cockroaches
  3 goblins
  3 hobgoblins
  4 jackals (D:3)
  2 ball pythons
  5 bats
  4 frilled lizards
  5 kobolds
  11 rats
59 creatures vanquished.

Notes
Turn   | Place    | Note
-------+----------+-------------------------------------------
     0 | D:1      | Descartes the Felid Monk began the quest for the Orb.
     0 | D:1      | Reached XP level 1. HP: 10/10 MP: 2/2
   362 | D:1      | Reached XP level 2. HP: 4/14 MP: 3/3
  1102 | D:2      | Reached XP level 3. HP: 11/17 MP: 4/4
  1589 | D:2      | Gained mutation: You are covered in thick fur. (AC +2)
                  | [potion of mutation]
  1589 | D:2      | Gained mutation: You tend to lose your temper in combat.
                  | [potion of mutation]
  1589 | D:2      | Gained mutation: Your system is resistant to poisons.
                  | (rPois) [potion of mutation]
  1589 | D:2      | Gained mutation: You expend magic power (3 MP) to
                  | strengthen your wands. [potion of mutation]
  2175 | D:3      | Noticed Natasha
  2177 | D:3      | Noticed Grinder
  2428 | D:2      | Killed Natasha
  2428 | D:2      | Reached XP level 4. HP: 21/21 MP: 5/5
  2446 | D:2      | Noticed Natasha
  2459 | D:2      | Killed Natasha
  3234 | D:3      | Noticed Ijyb
  3238 | D:3      | Killed Ijyb
  3336 | D:3      | Reached XP level 5. HP: 24/25 MP: 6/6
  3644 | D:3      | Reached skill level 5 in Dodging
  3952 | D:3      | Paralysed by Grinder for 5 turns
  4150 | D:2      | Paralysed by Grinder for 7 turns
  4152 | D:2      | Slain by Grinder
  4153 | D:2      | Reached XP level 4. HP: -2/22 MP: 5/5
  4252 | D:3      | Found a glowing silver altar of Zin.
  4253 | D:3      | Noticed an angel
  4296 | D:3      | Found a shimmering blue altar of Sif Muna.
  4507 | D:3      | Reached XP level 5. HP: 14/25 MP: 6/6
  4511 | D:3      | Killed from afar by an orc wizard

Levels and vault maps discovered:
D:1:      eino_arrival_cavern_a, layout_loops_ring
D:2:      layout_basic
D:3:      layout_rooms, zin_angel, nicolae_overflow_crystal_walls, first_ration,
          grunt_ministairs_6, uniq_grinder, uniq_natasha, uniq_ijyb
D:4:      layout_basic, lemuel_doored_altar, lemuel_round_altar,
          kennysheep_little_box

Skill      XL: |  1  2  3  4  5 |
---------------+----------------+-----
Stealth        | 3 4 |  4.5
Unarmed Combat | 4 |  4.6
Dodging        | 5 |  5.1
Fighting       | |  3.9

Action                   |  1- 3 |  4- 6 || total
-------------------------+-------+-------++-------
Melee: Unarmed           |    74 |   130 ||   204
       Bite              |     8 |     9 ||    17
       Punch             |       |     3 ||     3
  Use: Scroll            |     3 |       ||     3
       Potion            |     1 |       ||     1
 Stab: Sleeping          |     9 |     5 ||    14
  Eat: Chunk             |     9 |    10 ||    19
Armor: Skin              |     3 |    17 ||    20
Dodge: Dodged            |    54 |   116 ||   170
